Match 46644099
Unlisted

Match 46644099
End
Construct Infanterie Kompanie
Grenadier Squad
MG 42 Machine Gun Team
Selects Mechanized Battlegroup
Grenadier Squad
GrW 34 Mortar Team
Construct Luftwaffe Kompanie
Jäger Squad
Support Elements
Jäger Squad
Medical Station
Wirbelwind Flakpanzer
Selects Mobile Repair Stations
Selects Wespe Self-propelled Artillery
Marder III M Tank Destroyer
Marder III M Tank Destroyer
Selects Raid Package
Jäger Squad
Wespe Self-propelled Artillery
Selects Raid Package
Selects StuG Assault Group
Selects UNKNOWN (2160084)
J-Bone
Wolfslair
frostie
crywo1f
Marauder
mntahoe
0
0

Comments sign in to comment!

No comments posted yet!